 Dungeon Crawl Stone Soup version 0.28.0-45-g0d030f2227 (webtiles) character file.

Game seed: 16947456664567419893

177 pkoi the Conjurer (level 5, -11/38 HPs)
             Began as a Demigod Hedge Wizard on Apr 19, 2022.
             Mangled by an ogre
             ... wielding a +0 giant club
              (17 damage)
             ... on level 4 of the Dungeon.
             The game lasted 00:04:36 (5590 turns).

pkoi the Conjurer (Demigod Hedge Wizard)            Turns: 5590, Time: 00:04:37

Health: -11/38     AC:  5    Str: 11    XL:     5   Next: 9%
Magic:  7/12       EV: 12    Int: 20    God:
Gold:   115        SH:  0    Dex: 13    Spells: 1/10 levels left

rFire   . . .      SeeInvis .   m - +5 club
rCold   . . .      Faith    .   (no shield)
rNeg    . . .      Spirit   .   b - +0 robe
rPois   .          Reflect  .   c - +0 hat
rElec   .          Harm     .   (no cloak)
rCorr   .          Rampage  .   (no gloves)
Will    .....                   n - +2 pair of boots
Stlth   ++........              (no amulet)
HPRegen 0.12/turn               (no ring)
MPRegen 0.13/turn               (no ring)

@: no status effects
A: high MP 1, forlorn, divine attributes
a: no special abilities


You were on level 4 of the Dungeon.
You visited 1 branch of the dungeon, and saw 5 of its levels.

You collected 115 gold pieces.

Inventory:

Hand Weapons
 a - a +0 dagger
 e - a +1 dagger of electrocution
 m - a +5 club (weapon)
Missiles
 o - 3 datura-tipped darts
Armour
 b - a +0 robe (worn)
 c - a +0 hat (worn)
 n - a +2 pair of boots (worn)
 t - a +2 leather armour of willpower
Jewellery
 i - a ring of protection from fire
Wands
 v - a wand of acid (6)
Scrolls
 d - a scroll of vulnerability {unknown}
 j - 2 scrolls of teleportation {unknown}
 k - 2 scrolls of identify {unknown}
 p - 2 scrolls of magic mapping {unknown}
 s - 3 scrolls of enchant armour {unknown}
 u - a scroll of torment {unknown}
Potions
 f - 4 potions of degeneration {unknown}
 g - 2 potions of haste {unknown}
 h - a potion of mutation {unknown}
 l - 3 potions of invisibility {unknown}
 q - a potion of heal wounds {unknown}
 r - 2 potions of berserk rage {unknown}


   Skills:
 - Level 1.7 Dodging
 - Level 1.7 Stealth
 * Level 3.2 Spellcasting
 + Level 3.4 Conjurations
 + Level 1.4 Summonings
 + Level 1.5 Translocations
 + Level 1.1 Fire Magic
 + Level 0.1 Air Magic
 + Level 0.1 Poison Magic


You had one spell level left.
You knew the following spells:

 Your Spells              Type           Power      Damage    Failure   Level
a - Magic Dart            Conj           64%        1d6       3%          1
b - Blink                 Tloc           18%        N/A       11%         2
c - Conjure Flame         Conj/Fire      12%        6-21      16%         3
d - Mephitic Cloud        Conj/Pois/Air  8%         N/A       26%         3

Your spell library contained the following spells:

 Spells                   Type           Power      Damage    Failure   Level
 Slow                     Hex            12%        N/A       14%         1
 Call Imp                 Summ           9%         N/A       12%         2


Dungeon Overview and Level Annotations

Branches:
Dungeon (5/15)
 Temple: D:4-7

Annotations:
D:5 Menkaure


Innate Abilities, Weirdness & Mutations

You have an increased reservoir of magic. (+10% MP)
You shall have no god before yourself.
Your divine heritage dramatically boosts your attributes as you level up.


Message History

You hear the hiss of flowing sand.
There is an entrance to an ossuary on this level.
Hurry and find it before the portal is buried!
Menkaure shouts!
You hear a shout! x3
There is a stone staircase leading up here.
Menkaure is nearby!
Menkaure is nearby!
Casting: Magic Dart (safe; 3% risk of failure)
Confirm with . or Enter, or press ? or * to list all spells.
Okay, then.
Unknown command.
You climb upwards.
There is a stone staircase leading down here.
You can't go down here!
The magic dart hits the ogre.
The ogre is lightly wounded.
The magic dart hits the ogre.
The ogre is moderately wounded.
The magic dart hits the ogre.
The ogre is moderately wounded.
The magic dart hits the ogre.
The ogre is heavily wounded.
The magic dart hits the ogre.
The ogre is severely wounded.
The magic dart hits the ogre.
The ogre is severely wounded.
The ogre hits you with a +0 giant club!
* * * LOW HITPOINT WARNING * * *
You barely miss the ogre.
The ogre is severely wounded.
The ogre hits you with a +0 giant club!!
Ouch! That really hurt!
* * * LOW HITPOINT WARNING * * *
You closely miss the ogre.
The ogre is severely wounded.
The ogre hits you with a +0 giant club.
* * * LOW HITPOINT WARNING * * *
You barely miss the ogre.
The ogre is severely wounded.
The ogre hits you with a +0 giant club!
You die...

#.....##..#####.#
#.#.#.....O<>##.#####
#.........##........#
#...###...#####.###.#
#.........#####.# #.#
#....##.#.......# #.###
##.#.##.###########.#.##
#.#.##O###### #....#..
#.....@.....# #.###.#.
###.###.....# #.##....
#######.# #.....# #.##..†.
#.......# #.....# #.##....
#.#####.# #.....# #.##.##.
#.#####.# ###.### #.......
#.##....#####.### ####.###
#.##.##.........#######.# #
###.##........#...........#


You could see an ogre.

Vanquished Creatures
  A jelly (D:3)
  Jessica (D:2)
  4 adders
  8 dart slugs (D:4)
  An orc (D:4)
  11 ball pythons
  9 endoplasms
  A giant cockroach (D:1)
  9 goblins
  3 hobgoblins
  4 quokkas
  2 frilled lizards
  7 kobolds
  4 rats
65 creatures vanquished.

Notes
Turn   | Place    | Note
-------+----------+-------------------------------------------
     0 | D:1      | pkoi the Demigod Hedge Wizard began the quest for the Orb.
     0 | D:1      | Reached XP level 1. HP: 14/14 MP: 6/6
    23 | D:1      | Reached skill level 1 in Conjurations
   856 | D:1      | Reached XP level 2. HP: 20/20 MP: 2/8
   910 | D:1      | Learned a level 2 spell: Blink
  2179 | D:2      | Reached XP level 3. HP: 16/26 MP: 0/9
  2447 | D:2      | Learned a level 3 spell: Conjure Flame
  2804 | D:2      | Noticed Jessica
  2807 | D:2      | Killed Jessica
  2808 | D:2      | Reached skill level 1 in Summonings
  2808 | D:2      | Reached skill level 1 in Translocations
  3135 | D:3      | Reached XP level 4. HP: 33/33 MP: 9/11
  3681 | D:3      | Reached skill level 1 in Fire Magic
  4534 | D:3      | Learned a level 3 spell: Mephitic Cloud
  4976 | D:4      | Reached XP level 5. HP: 35/38 MP: 8/12
  5151 | D:4      | Noticed an ogre
  5566 | D:5      | Entered Level 5 of the Dungeon
  5566 | D:5      | Noticed Menkaure
  5590 | D:4      | Mangled by an ogre

Illustrated notes

Levels and vault maps discovered:
D:1:      dpeg_arrival_rooms_with_view, layout_basic
D:2:      layout_basic, amcnicky_mini_rare_corridor_liquid, kennysheep_doodads,
          supply_closet_lemuel, uniq_jessica
D:3:      layout_rooms
D:4:      kennysheep_slugbush, layout_loops_cross
D:5:      cheibrodos_iron_armory, layout_basic, minmay_temple_entry_waves,
          nicolae_ossuary_entry_false_entrances, uniq_menkaure

Skill      XL: |  1  2  3  4 |
---------------+-------------+-----
Conjurations   | 2 3 |  3.4
Summonings     | 1 |  1.4
Translocations | 1 |  1.5
Spellcasting   | 3 |  3.2
Fire Magic     | 1 |  1.1
Dodging        | |  1.7
Stealth        | |  1.7
Air Magic      | |  0.1
Poison Magic   | |  0.1

Action                   |  1- 3 |  4- 6 || total
-------------------------+-------+-------++-------
Melee: Dagger            |    13 |       ||    13
       Club              |       |     3 ||     3
 Cast: Magic Dart        |    81 |   100 ||   181
Armor: Robe              |     6 |     8 ||    14
Dodge: Dodged            |    14 |    23 ||    37
